 Dungeon Crawl Stone Soup version 0.31.0-32-g396128a36d (webtiles) character file.

Game seed: 2645743594904160771

1351 KittyFluff the Changeling (level 8, -2/75 HPs)
             Began as a Troll Shapeshifter on Apr 12, 2024.
             Slain by a killer bee (7 damage)
             ... on level 5 of the Dungeon.
             The game lasted 00:19:15 (3840 turns).

KittyFluff the Changeling (Troll Shapeshifter)      Turns: 3840, Time: 00:19:15

Health: -2/75      AC:  4    Str: 24 (25) XL:     8   Next: 36%
Magic:  7/7        EV: 10    Int:  4 (6)  God:
Gold:   108        SH:  0    Dex:  6 (9)  Spells: 7/7 levels left

rFire   . .          .
                       - Unarmed
rCold   . . .        (no shield)
rNeg    . . .        b - +0 robe
rPois   +            (helmet currently unavailable)
rElec   .            (cloak currently unavailable)
rCorr   .            (gloves unavailable)
SInv    .            (boots unavailable)
Will    .....        (no amulet)
Stlth   +            j - ring of poison resistance
HPRegen 1.12/turn    (no ring)
MPRegen 0.10/turn

%: no passive effects
@: lethally poisoned (-2 -> -2), beast-form
A: beast (slay +3), large, unfitting armour, claws 3, regeneration 1, shaggy fur
1, tough skin 1
a: Begin Untransformation


You were on level 5 of the Dungeon.
You were a hulking beast.
You visited 1 branch of the dungeon, and saw 6 of its levels.

You collected 220 gold pieces.
You spent 112 gold pieces at shops.

Inventory:

Hand Weapons
 e - a +0 hand axe
 f - a +2 dagger of draining
 k - a +0 whip
 l - a +0 sling
 p - a +0 spear
 s - a +0 mace
 t - a +3 quarterstaff of chaos
Missiles
 i - 23 stones (quivered)
Armour
 b - a +0 robe (worn)
 u - a +0 cloak
 G - a scarf of shadows
Magical Staves
 E - a staff of fire
Jewellery
 j - a ring of poison resistance (left claw)
 w - a ring of magical power
Talismans
 c - a beast talisman
 d - a flux talisman
 A - a blade talisman
 D - a storm talisman
Scrolls
 a - a scroll of enchant armour {unknown}
 g - 2 scrolls of fog {unknown}
 n - a scroll of summoning {unknown}
 q - a scroll of teleportation {unknown}
 r - 2 scrolls of identify {unknown}
 x - a scroll of silence {unknown}
 y - a scroll of revelation {unknown}
 B - 3 scrolls of vulnerability {unknown}
 C - a scroll of poison {unknown}
 F - 3 scrolls of enchant weapon {unknown}
 H - a scroll of noise {unknown}
Potions
 h - 2 potions of might {unknown}
 m - 2 potions of curing {unknown}
 o - 3 potions of cancellation
 v - a potion of resistance {unknown}
 z - 2 potions of degeneration


   Skills:
 + Level 3.4 Fighting
 + Level 3.4 Throwing
 + Level 3.7 Dodging
 + Level 5.0 Unarmed Combat
 * Level 6.3 Shapeshifting


You had 7 spell levels left.
You didn't know any spells.
Your spell library contained the following spells:

 Spells                   Type           Power      Damage    Failure   Level
 Sublimation of Blood     Necr           0%         N/A       65%         2
 Gell's Gravitas          Tloc           0%         N/A       86%         3
 Teleport Other           Tloc           0%         N/A       86%         3
 Passage of Golubria      Tloc           0%         N/A       99%         4
 Petrify                  Alch/Erth      0%         N/A       99%         4
 Irradiate                Conj/Alch      0%         3d11      100%        5
 Silence                  Hex/Air        0%         N/A       100%        5
 Dispersal                Tloc           0%         N/A       100%        6
 Lehudib's Crystal Spear  Conj/Erth      0%         10d2      100%        8


Dungeon Overview and Level Annotations

Branches:
Dungeon (6/15)
 Temple: D:4-7

Altars:
Gozag
Makhleb
Ru
Xom
Yredelemnul

Shops:
D:5 *


Innate Abilities, Weirdness & Mutations

You are a hulking beast.
Your limbs bulge with bestial killing power. (Slay +3)
You are too large for most types of armour.
You have claws for hands.
Your natural rate of healing is unusually fast.
You are covered in fur. (AC +1)
You have tough skin. (AC +1)


Message History

The killer bee stings you but does no damage.
The killer bee stings you.
The killer bee stings you but does no damage.
You scratch the killer bee but do no damage.
You feel sick. The killer bee stings you. The killer bee closely misses you. x2
The killer bee stings you.
You barely miss the killer bee.
You feel sick. The killer bee misses you. The killer bee barely misses you.
The killer bee stings you but does no damage.
The killer bee stings you.
You claw the killer bee!
The killer bee is heavily wounded.
You feel sick. The killer bee closely misses you.
The killer bee barely misses you.
The killer bee stings you but does no damage.
The killer bee barely misses you.
You claw the killer bee!
You kill the killer bee!
You feel sick. The killer bee stings you.
You miss the killer bee.
You feel sick.
You are no longer poisoned.
The killer bee closely misses you. The killer bee barely misses you.
You barely miss the killer bee. The killer bee stings you.
You are poisoned.
The killer bee poisons you! The killer bee stings you.
You scratch the killer bee. Your claw misses the killer bee.
The killer bee is moderately wounded.
You feel sick. The killer bee barely misses you. The killer bee stings you!
* * * LOW HITPOINT WARNING * * *
You barely miss the killer bee.
The killer bee is moderately wounded.
You feel sick. The killer bee stings you!
* * * LOW HITPOINT WARNING * * *
The killer bee stings you.
* * * LOW HITPOINT WARNING * * *
It was a potion of degeneration.
There was something very wrong with that liquid.
You feel weakened.
You feel dopey.
You feel clumsy.
You feel sick. The killer bee closely misses you. The killer bee stings you!
You die...

##....####....<...#.......######
##....###..#.#.####.#.....####
##...#......#......###......#
#.....##.############.#.##.#
#........##..............#.##
##.###.#####...###..##.#......
#...##.# #...# #..##........
#......# #†y.###..#.........
#.#.#..# #.h..............##
#......##############....####
#.#.#........#.## ####.#
#......#####..#.## #.#
#......#####.###.#######.#
#.##.#.##...## ##........#
#.##.#.##.##.# #.#########
#.##......##..#.# ######
#.####.......#.# ##....#


You could see a killer bee.

Vanquished Creatures
  Sigmund (D:1)
  An ice beast (D:3)
  3 ogres (D:5)
  3 phantoms
  A bullfrog (D:6)
  2 killer bees (D:5)
  3 bombardier beetles
  2 hounds
  Crazy Yiuf (D:2)
  2 iguanas
  Natasha (twice) (D:2)
  2 orc wizards (D:5)
  5 adders
  2 ufetubi (D:5)
  3 ribbon worms
  2 dart slugs (D:1)
  2 orcs
  3 bats
  11 endoplasms
  2 giant cockroaches
  7 goblins
  2 hobgoblins
  6 jackals
  7 quokkas
  5 ball pythons
  6 frilled lizards
  5 kobolds
  5 rats
96 creatures vanquished.

Notes
Turn   | Place    | Note
-------+----------+-------------------------------------------
     0 | D:1      | KittyFluff the Troll Shapeshifter began the quest for the
                  | Orb.
     0 | D:1      | Reached XP level 1. HP: 18/18 MP: 0/0
   143 | D:1      | Found a faded altar of an unknown god.
   175 | D:1      | Reached skill level 1 in Fighting
   180 | D:1      | Reached XP level 2. HP: 26/27 MP: 1/1
   398 | D:1      | Reached XP level 3. HP: 33/33 MP: 2/2
   623 | D:2      | Noticed Sigmund
   666 | D:1      | Killed Sigmund
   667 | D:1      | Reached skill level 1 in Throwing
   667 | D:1      | Reached skill level 4 in Shapeshifting
   667 | D:1      | Reached XP level 4. HP: 19/42 MP: 3/3
   667 | D:1      | Reached XP level 5. HP: 22/49 MP: 4/4
   735 | D:2      | Noticed Natasha
   738 | D:2      | Killed Natasha
   774 | D:2      | Found a burning altar of Makhleb.
  1239 | D:2      | Found a runed translucent door.
  1240 | D:2      | Noticed Crazy Yiuf
  1246 | D:2      | Killed Crazy Yiuf
  1247 | D:2      | Reached XP level 6. HP: 34/57 MP: 5/5
  1340 | D:2      | Noticed Natasha
  1362 | D:2      | Killed Natasha
  1536 | D:3      | Found a basalt altar of Yredelemnul.
  1607 | D:3      | Found a sacrificial altar of Ru.
  1607 | D:3      | Found a shimmering altar of Xom.
  1669 | D:3      | Noticed an ice beast
  1676 | D:3      | Killed an ice beast
  2583 | D:4      | Reached skill level 5 in Shapeshifting
  2663 | D:4      | Reached XP level 7. HP: 66/66 MP: 6/6
  2675 | D:4      | Found an opulent altar of Gozag.
  2991 | D:5      | Entered Level 5 of the Dungeon
  3400 | D:5      | Found Cbujulli's Commerce Corner.
  3427 | D:5      | Reached XP level 8. HP: 57/75 MP: 7/7
  3462 | D:5      | Bought a potion of cancellation for 112 gold pieces
  3501 | D:5      | Reached skill level 6 in Shapeshifting
  3821 | D:5      | Reached skill level 5 in Unarmed Combat
  3840 | D:5      | Slain by a killer bee

Illustrated notes

Levels and vault maps discovered:
D:1:      lightli_arrival_boilingwater, layout_basic,
          shapermc_ecumenical_altar_notcrosses
D:2:      layout_basic, basic_altar, uniq_crazy_yiuf_cottage, uniq_sigmund,
          uniq_natasha
D:3:      layout_loops_corners, mainiacjoe_overflow_divided_tiny,
          yredelemnul_altar_generic, amcnicky_mini_rare_corridor_liquid,
          kennysheep_big_empty_room
D:4:      layout_rooms, marbit_many_paths, minivault_23
D:5:      layout_loops_cross, serial_glass, glass_columns_a, glass_columns_a,
          nrook_mini_backslash, nicolae_alphabet_shops
D:6:      layout_cave_pools, nicolae_uskayaw_murder_on_the_dancefloor,
          minmay_temple_entry_gardened_gates

Skill      XL: |  1  2  3  4  5  6  7  8 |
---------------+-------------------------+-----
Fighting       | 1 2 3 |  3.4
Throwing       | 1 2 3 |  3.4
Dodging        | 2 3 |  3.7
Shapeshifting  | 4 5 6 |  6.3
Unarmed Combat | 4 5 |  5.0

Action                     |  1- 3 |  4- 6 |  7- 9 || total
---------------------------+-------+-------+-------++-------
  Melee: Unarmed           |    60 |    88 |    94 ||   242
         Punch             |       |     2 |     2 ||     4
  Throw: Stone             |       |       |    11 ||    11
    Use: Potion            |     1 |       |     1 ||     2
   Stab: Sleeping          |       |     1 |       ||     1
 Armour: Animal skin       |    36 |       |       ||    36
         Skin              |     2 |       |       ||     2
         Robe              |       |    35 |    75 ||   110
  Dodge: Dodged            |    16 |    32 |    56 ||   104
